 Dungeon Crawl Stone Soup version 0.29-a0-885-gb26ba3297d (webtiles) character file.

Game seed: 15626199160325154118

8 mathmaestro the Grave Robber (level 2, 20/20 HPs)
             Began as a Demonspawn Necromancer on July 20, 2022.
             Quit the game on level 1 of the Dungeon.
             The game lasted 00:00:54 (305 turns).

mathmaestro the Grave Robber (DsNe)                  Turns: 305, Time: 00:00:55

Health: 20/20      AC:  2    Str:  8    XL:     2   Next: 0%
Magic:  3/5        EV: 12    Int: 16    God:
Gold:   48         SH:  0    Dex: 13    Spells: 4/5 levels left

rFire   . . .      SeeInvis +   (no weapon)
rCold   . . .      Faith    .   (no shield)
rNeg    . . .      Spirit   .   a - +0 robe
rPois   .          Reflect  .   (no helmet)
rElec   .          Harm     .   (no cloak)
rCorr   .          Rampage  .   (no gloves)
Will    .....                   (no boots)
Stlth   ++........              (no amulet)
HPRegen 0.06/turn               d - ring of see invisible
MPRegen 0.09/turn               (no ring)

@: no status effects
A: powered by pain 1
a: no special abilities


You were on level 1 of the Dungeon.
You visited 1 branch of the dungeon, and saw 1 of its levels.

You collected 48 gold pieces.

Inventory:

Armour
 a - a +0 robe (worn)
Jewellery
 d - a ring of see invisible (left hand)
Scrolls
 c - a scroll of acquirement {unknown}
 f - a scroll of enchant weapon {unknown}
 g - a scroll of magic mapping {unknown}
 h - a scroll of fog {unknown}
Potions
 b - 2 potions of magic
 e - a potion of flight {unknown}
 i - a potion of curing {unknown}


   Skills:
 + Level 0.4 Fighting
 + Level 1.9 Dodging
 - Level 2.0 Stealth
 + Level 2.1 Spellcasting
 + Level 4.5 Necromancy


You had 4 spell levels left.
You knew the following spells:

 Your Spells              Type           Power      Damage    Failure   Level
a - Necrotise             Necr           64%        1d7       3%          1

Your spell library contained the following spells:

 Spells                   Type           Power      Damage    Failure   Level
 Vampiric Draining        Necr           16%        2d7       10%         3
 Animate Dead             Necr           16%        N/A       32%         4
 Agony                    Necr           16%        N/A       65%         5


Dungeon Overview and Level Annotations

Branches:
Dungeon (1/15)

Altars:


Innate Abilities, Weirdness & Mutations

You sometimes gain a little power by taking damage.


Message History

The dead are slithering!
You swap places.
There is an open door here.
Your ball python skeleton crumbles into dust!
A rat comes into view.
Found a brown potion.
Found a stone staircase leading down.
Casting: Necrotise (safe; 3% risk of failure)
Confirm with . or Enter, or press ? or * to list all spells.
Aiming: Necrotise (safe; 3% risk of failure)
Press: ? - help, Shift-Dir - straight line, f - rat
Aim: a rat (chance to affect: 86%)
The rat writhes in agony.
Casting: Necrotise (safe; 3% risk of failure)
Confirm with . or Enter, or press ? or * to list all spells.
Aiming: Necrotise (safe; 3% risk of failure)
Press: ? - help, Shift-Dir - straight line, f/p - rat
Aim: a rat (severely wounded, chance to affect: 86%)
The rat writhes in agony.
You kill the rat!
The dead are walking!
Your rat skeleton crumbles into dust!
i - a brown potion You now have 48 gold pieces (gained 17).
A kobold comes into view. It is wielding a +0 club.
The kobold shouts!
A kobold is nearby!
Casting: Necrotise (safe; 3% risk of failure)
Confirm with . or Enter, or press ? or * to list all spells.
Aiming: Necrotise (safe; 3% risk of failure)
Press: ? - help, Shift-Dir - straight line, f - kobold
Aim: a kobold, wielding a +0 club and quivering stones (chance to affect: 86%)
The kobold writhes in agony.
You kill the kobold!
The dead are walking!
Training target 2.0 for Stealth reached!
Your Stealth skill increases to level 2!
You have reached level 2!
Your demonic ancestry asserts itself...
You feel energised by your suffering.
Are you sure you want to abandon this character and quit the game? (Confirm with "yes".)

#.....####.#.......###.
#........#.#.......+...
#......#.#.#.#.....####
####...#.#.#...........
#...#.#.##########..
#.>.......... .....
#...#.####..# ##..
#...#.# #.... #.#@#.#
#.... #.#...# #.... .
)Z..... #....
...#......# .....
....#.##...# ..... #...
#.# ...# ..... #.# ...
..# #. ... ..#


You could see a friendly kobold skeleton.

Vanquished Creatures
  A ball python (D:1)
  2 hobgoblins (D:1)
  A bat (D:1)
  A frilled lizard (D:1)
  A kobold (D:1)
  2 rats (D:1)
8 creatures vanquished.

Vanquished Creatures (collateral kills)
  A rat (D:1)
1 creature vanquished.

Grand Total: 9 creatures vanquished

Notes
Turn   | Place    | Note
-------+----------+-------------------------------------------
     0 | D:1      | mathmaestro the Demonspawn Necromancer began the quest for
                  | the Orb.
     0 | D:1      | Reached XP level 1. HP: 13/13 MP: 3/3
   305 | D:1      | Gained mutation: You sometimes gain a little power by
                  | taking damage. [demonic ancestry]
   305 | D:1      | Reached XP level 2. HP: 20/20 MP: 3/5
   305 | D:1      | Quit the game

Illustrated notes

Levels and vault maps discovered:
D:1:      psy_arrival_statuary, layout_basic

Skill      XL: |  1 |
---------------+----+-----
Stealth        | 2 |  2.0
Fighting       | |  0.4
Dodging        | |  1.9
Spellcasting   | |  2.1
Necromancy     | |  4.5

Action                   || total
-------------------------++-------
 Cast: Necrotise         ||    13
Armor: Robe              ||     1

Table legend: (Time is in decaauts)
 A = Elapsed time spent in this place.
 B = Non-inter-level travel time spent in this place.
 C = Inter-level travel time spent in this place.
 D = Time resting spent in this place.
 E = Time spent auto-exploring this place.
 F = Levels seen in this place.
 G = Mean time per level.
                   A        B        C        D        E       F      G
               +--------+--------+--------+--------+--------+-----+--------+
         Total |    304 |    304 |      0 |     28 |    208 |   1 |  304.0 |
       Dungeon |    304 |    304 |      0 |     28 |    208 |   1 |  304.0 |
               +--------+--------+--------+--------+--------+-----+--------+

Top non-repeatable levels by time:
     D:1: 304 daAuts
